 Dungeon Crawl Stone Soup version 0.24.1-14-gf8d2b509d9 (console) character file.

Game seed: 14802839617798920791, levelgen mode: deterministic

556088 Kagalorn the Omniscient (level 26, -38/208 HPs)
             Began as a Gnoll Wanderer on Oct 2, 2020.
             Was the Champion of Ashenzari.
             Killed from afar by a green draconian annihilator (61 damage)
             ... with a crystal spear
             ... on level 1 of the Realm of Zot on Oct 29, 2020.
             The game lasted 03:59:39 (78438 turns).

Kagalorn the Omniscient (Gnoll Wanderer)           Turns: 78438, Time: 03:59:39

Health: -38/208    AC: 27    Str: 28    XL:     26   Next: 48%
Magic:  0/43       EV: 20    Int: 20    God:    Ashenzari [******]
Gold:   1216       SH: 19    Dex: 17    Spells: 10/58 levels left

rFire    + + +     SeeInvis +   a - +8 mithril axe "Arga" {speed, MR+} (curse)
rCold    + + +     Gourm    .   R - +2 shield of Resistance {rF+ rC+ MR+} (curse)
rNeg     . . .     Faith    .   e - +2 chain mail {rF+}
rPois    .         Spirit   +   Z - +5 hat of the Dice {Str+4 Slay+2} (curse)
rElec    +         Reflect  .   V - scarf {cloud immunity} (curse)
rCorr    +         Harm     .   S - +1 pair of gloves of Huish {rC+ Str+3 Int+4}
MR       +++..     Clarity  +   Q - +0 pair of boots "Itezamy" {rElec} (curse)
Stlth    ++++......             l - amulet of guardian spirit (curse)
HPRegen  0.44/turn              W - ring of wizardry (curse)
MPRegen  0.28/turn              L - ring "Vaer Tet" {rF+ rC++ rCorr Str-2}

@: lethally poisoned (-38 -> -40), slightly contaminated
A: distributed training, fangs 1, strong nose
}: 3/15 runes: decaying, serpentine, silver
a: Curse Item, Scrying, Renounce Religion


You were on level 1 of the Realm of Zot.
You worshipped Ashenzari.
Ashenzari was exalted by your worship.
You were not hungry.

You visited 10 branches of the dungeon, and saw 46 of its levels.
You visited 2 bazaars.
You also visited: Ossuary, Bailey, Ice Cave and Volcano.

You collected 6498 gold pieces.
You spent 5282 gold pieces at shops.

Inventory:

Hand Weapons
 a - the cursed +8 mithril axe "Arga" (weapon) {speed, MR+}
   (You bought it in a shop on level 2 of the Orcish Mines)

   Attacks with this weapon are significantly faster.
   It affects your resistance to hostile enchantments.
   It has a curse placed upon it.
 n - a +2 antimagic broad axe
Missiles
 I - 21 curare-tipped darts (quivered)
Armour
 e - a +2 chain mail of fire resistance (worn)
 C - the cursed +0 plate armour of Trog's Anger {rPois rC+ rN++ Int+3}
   (You bought it in a shop in a bazaar)

   It affects your intelligence (+3).
   It protects you from cold.
   It protects you from poison.
   It greatly protects you from negative energy.
   It has a curse placed upon it.
 Q - the cursed +0 pair of boots "Itezamy" (worn) {rElec}
   (You bought it in a shop on level 7 of the Dungeon)

   It insulates you from electricity.
   It has a curse placed upon it.
 R - the cursed +2 shield of Resistance (worn) {rF+ rC+ MR+}
   (You found it on level 9 of the Dungeon)

   It protects you from fire.
   It protects you from cold.
   It affects your resistance to hostile enchantments.
   It has a curse placed upon it.
 S - the +1 pair of gloves of Huish (worn) {rC+ Str+3 Int+4}
   (You found it on level 3 of the Elven Halls)

   It affects your strength (+3).
   It affects your intelligence (+4).
   It protects you from cold.
 V - a cursed scarf of cloud immunity (worn)
 Z - the cursed +5 hat of the Dice (worn) {Str+4 Slay+2}
   (You found it on level 3 of the Vaults)

   It affects your strength (+4).
   It affects your accuracy and damage with ranged weapons and melee attacks
   (+2).
   It has a curse placed upon it.
Jewellery
 j - an uncursed ring of wizardry
 l - a cursed amulet of guardian spirit (around neck)
 q - the amulet of the Air {Inacc +Fly rElec EV+5 RMsl}
   (You found it on level 5 of the Vaults)

   [amulet of inaccuracy]

   It reduces the accuracy of all your attacks.
   It affects your evasion (+5).
   It insulates you from electricity.
   It lets you fly.
   It protects you from missiles.
 L - the ring "Vaer Tet" (right hand) {rF+ rC++ rCorr Str-2}
   (You found it on level 5 of the Vaults)

   [ring of resist corrosion]

   It affects your strength (-2).
   It protects you from fire.
   It greatly protects you from cold.
   It provides partial protection from all sources of acid and corrosion.
 T - a +4 ring of protection
 W - a cursed ring of wizardry (left hand)
 Y - the ring of Otaeniz {rElec EV+2}
   (You found it on level 3 of the Depths)

   [ring of evasion]

   It affects your evasion (+2).
   It insulates you from electricity.
Wands
 o - a wand of clouds (7)
 B - a wand of acid (48)
 G - a wand of paralysis (23)
 N - a wand of digging (29)
 X - a wand of iceblast (63)
Scrolls
 d - a scroll of vulnerability
 h - 13 scrolls of identify
 i - 10 scrolls of teleportation
 s - 13 scrolls of remove curse
 w - 7 scrolls of enchant armour
 x - 8 scrolls of amnesia
 y - 10 scrolls of magic mapping
 z - 9 scrolls of fear
 D - 4 scrolls of fog
 K - 7 scrolls of blinking
 O - a scroll of summoning
 U - 8 scrolls of enchant weapon
Potions
 b - 3 potions of magic
 c - 6 potions of invisibility
 g - 6 potions of might
 m - 8 potions of flight
 p - 15 potions of curing
 r - 10 potions of cancellation
 t - 3 potions of mutation
 u - 8 potions of lignification
 A - 7 potions of brilliance
 E - 7 potions of haste
 F - 4 potions of resistance
 H - 9 potions of heal wounds
 J - 5 potions of berserk rage
 M - 3 potions of ambrosia
 P - 2 potions of agility
Miscellaneous
 k - 2 sacks of spiders
 v - 2 boxes of beasts
Comestibles
 f - 26 rations


   Skills:
 + Level 17.1 Fighting
 + Level 17.1 Short Blades
 + Level 16.6 Long Blades
 + Level 17.1(20.9) Axes
 + Level 16.6 Maces & Flails
 + Level 16.6 Polearms
 + Level 16.6 Staves
 + Level 16.6 Slings
 + Level 16.6 Bows
 + Level 16.6 Crossbows
 + Level 16.6 Throwing
 + Level 16.8(20.6) Armour
 + Level 16.6 Dodging
 + Level 16.8 Stealth
 + Level 16.8(19.2) Shields
 + Level 16.6 Unarmed Combat
 + Level 16.6 Spellcasting
 + Level 14.3(16.9) Conjurations
 + Level 14.3(16.9) Hexes
 + Level 14.3(16.9) Charms
 + Level 14.3(16.9) Summonings
 + Level 14.3(16.9) Necromancy
 + Level 14.3(16.9) Translocations
 + Level 14.3(16.9) Transmutations
 + Level 14.3(16.9) Fire Magic
 + Level 14.3(16.9) Ice Magic
 + Level 14.3(16.9) Air Magic
 + Level 14.3(16.9) Earth Magic
 + Level 14.3(16.9) Poison Magic
 + Level 17.9 Invocations
 + Level 16.8(19.2) Evocations


You had 10 spell levels left.
You knew the following spells:

 Your Spells              Type           Power        Failure   Level  Hunger
a - Shadow Creatures      Summ           N/A          1%          6    #####..
b - Petrify               Tmut/Erth      ######..     1%          4    None
c - Statue Form           Tmut/Erth      ######...    1%          6    #####..
d - Summon Mana Viper     Hex/Summ       ######..     1%          5    ###....
e - Freezing Cloud        Conj/Ice/Air   ######....   1%          6    #####..
f - Invisibility          Hex            ######..     1%          6    #####..
g - Passwall              Tmut/Erth      ######..     0%          2    None
h - Blink                 Tloc           N/A          0%          2    None
o - Deflect Missiles      Chrm/Air       ######....   1%          6    #####..
p - Silence               Hex/Air        ######....   1%          5    ###....

Your spell library contained the following spells:

 Spells                   Type           Power        Failure   Level  Hunger
 Apportation              Tloc           ######       0%          1    None
 Beastly Appendage        Tmut           ######       0%          1    None
 Confusing Touch          Hex            ######       0%          1    None
 Corona                   Hex            ######.      0%          1    None
 Flame Tongue             Conj/Fire      #####        0%          1    None
 Freeze                   Ice            ####         0%          1    None
 Infusion                 Chrm           ####         0%          1    None
 Magic Dart               Conj           ####         0%          1    None
 Sandblast                Erth           ######       0%          1    None
 Shock                    Conj/Air       ####         0%          1    None
 Summon Butterflies       Summ           ######..     0%          1    None
 Corpse Rot               Necr           N/A          0%          2    None
 Ensorcelled Hibernation  Hex/Ice        ######       0%          2    None
 Poisonous Vapours        Pois/Air       ######       0%          2    None
 Searing Ray              Conj           ######       0%          2    None
 Shroud of Golubria       Chrm/Tloc      ######       0%          2    None
 Slow                     Hex            ######..     0%          2    None
 Song of Slaying          Chrm           ######..     0%          2    None
 Sticks to Snakes         Tmut           ######..     0%          2    None
 Sublimation of Blood     Necr           ######....   0%          2    None
 Swiftness                Chrm/Air       ######..     0%          2    None
 Throw Flame              Conj/Fire      ######       0%          2    None
 Throw Frost              Conj/Ice       ######       0%          2    None
 Call Canine Familiar     Summ           ######..     1%          3    None
 Confuse                  Hex            ######..     1%          3    None
 Conjure Flame            Conj/Fire      ######..     1%          3    None
 Dazzling Spray           Conj/Hex       ######       1%          3    None
 Gell's Gravitas          Tloc           ######....   1%          3    None
 Ignite Poison            Fire/Tmut/Pois ######..     1%          3    None
 Inner Flame              Hex/Fire       ######..     1%          3    None
 Lesser Beckoning         Tloc           ######....   1%          3    None
 Mephitic Cloud           Conj/Pois/Air  ######..     1%          3    None
 Ozocubu's Armour         Chrm/Ice       ######..     1%          3    None
 Portal Projectile        Hex/Tloc       ######       1%          3    None
 Recall                   Summ/Tloc      N/A          1%          3    None
 Regeneration             Chrm/Necr      ######....   1%          3    None
 Spectral Weapon          Hex/Chrm       ######..     1%          3    None
 Spider Form              Tmut/Pois      ######....   1%          3    None
 Static Discharge         Conj/Air       ######..     1%          3    None
 Stone Arrow              Conj/Erth      ######       1%          3    None
 Teleport Other           Tloc           ######..     1%          3    None
 Tukima's Dance           Hex            ######..     1%          3    None
 Airstrike                Air            ######....   1%          4    None
 Cause Fear               Hex            ######....   1%          4    None
 Force Lance              Conj/Tloc      ######..     1%          4    None
 Fulminant Prism          Conj/Hex       ######....   1%          4    None
 Ice Form                 Ice/Tmut       ######..     1%          4    None
 Iskenderun's Mystic Bla  Conj           ######..     1%          4    None
 Leda's Liquefaction      Hex/Erth       ######....   1%          4    None
 Passage of Golubria      Tloc           N/A          1%          4    None
 Sticky Flame             Conj/Fire      ######..     1%          4    None
 Summon Ice Beast         Ice/Summ       ######..     1%          4    None
 Throw Icicle             Conj/Ice       ######..     1%          4    None
 Agony                    Necr           ######..     1%          5    ###....
 Alistair's Intoxication  Tmut/Pois      ######..     1%          5    ###....
 Aura of Abjuration       Summ           ######....   1%          5    ###....
 Blade Hands              Tmut           ######....   1%          5    ###....
 Bolt of Draining         Conj/Necr      ######....   1%          5    ###....
 Bolt of Magma            Conj/Fire/Erth ######....   1%          5    ###....
 Borgnjor's Vile Clutch   Necr/Erth      ######....   1%          5    ###....
 Dispel Undead            Necr           ######..     1%          5    ###....
 Excruciating Wounds      Chrm/Necr      ######....   1%          5    ###....
 Fireball                 Conj/Fire      ######....   1%          5    ###....
 Iskenderun's Battlesphe  Conj/Chrm      ######..     1%          5    ###....
 Lee's Rapid Deconstruct  Erth           ######....   1%          5    ###....
 Metabolic Englaciation   Hex/Ice        ######....   1%          5    ###....
 Summon Demon             Summ           ######....   1%          5    ###....
 Summon Forest            Summ/Tloc      ######....   1%          5    ###....
 Yara's Violent Unravell  Hex/Tmut       ######....   1%          5    ###....
 Bolt of Cold             Conj/Ice       ######....   1%          6    #####..
 Darkness                 Hex            ######....   1%          6    #####..
 Iron Shot                Conj/Erth      ######....   1%          6    #####..
 Ozocubu's Refrigeration  Ice            ######....   1%          6    #####..
 Simulacrum               Ice/Necr       ######....   1%          6    #####..
 Orb of Destruction       Conj           ######....   3%          7    ######.
 Ring of Flames           Chrm/Fire      ######....   3%          7    ######.
 Summon Hydra             Summ           ######....   3%          7    ######.
 Discord                  Hex            ######....   24%         8    #######
 Shatter                  Erth           ######....   97%         9    #######


Dungeon Overview and Level Annotations

Branches:
Dungeon (15/15)            Temple (1/1) D:6            Lair (6/6) D:8
  Swamp (4/4) Lair:2        Snake (4/4) Lair:3        Slime (0/5) Lair:5
    Orc (2/2) D:12            Elf (3/3) Orc:2        Vaults (5/5) D:13
  Crypt (0/3) Vaults:2     Depths (5/5) D:15            Zot (1/5) Depths:5
Ossuary (visited)          Bailey (visited)           IceCv (visited)
Volcano (visited)

Altars:
Ashenzari
Cheibriados
Dithmenos
Elyvilon
Fedhas
Gozag
Hepliaklqana
Kikubaaqudgha
Makhleb
Nemelex Xobeh
Okawaru
Qazlal
Ru
Sif Muna
Trog
Uskayaw
Vehumet
Wu Jian
Xom
Yredelemnul
Zin
The Shining One
Beogh
Jiyva

Shops:
D:7 [   D:10 %   D:12 =   Orc:2 *!(!   Snake:1 !   Snake:3 }}=   Vaults:1 [
Vaults:5 [   Depths:3 :

Portals:
Hell: Depths:1 Depths:2 Depths:3 Depths:4 Depths:5
Abyss: Depths:1 Depths:2 Depths:4
Pandemonium: Depths:3 Depths:4 Depths:5
Ziggurat: Depths:3

Annotations:
Zot:1 1 transporter


Innate Abilities, Weirdness & Mutations

Your experience applies equally to all skills.
You have very sharp teeth.
Your uncanny sense of smell can sniff out nearby items.


Message History

The green draconian annihilator is almost dead.
You closely miss the white draconian. You closely miss the red draconian.
The green draconian annihilator hits you with a +0 short sword.
* * * LOW HITPOINT WARNING * * *
The green draconian annihilator tail-slaps you but does no damage.
The white draconian breathes frost at you.
The chilling blast hits you. You resist.
* * * LOW HITPOINT WARNING * * *
You closely miss the green draconian annihilator.
You bite the green draconian annihilator, but do no damage.
The green draconian annihilator is almost dead.
You slice the red draconian!!
You kill the red draconian!
You barely miss the white draconian.
You feel sick.
You closely miss the green draconian annihilator.
The green draconian annihilator is almost dead.
You slash the white draconian!
The green draconian annihilator points at you and mumbles some strange words.
The crystal spear hits you!!!
You die...

,>,,,,.......###.................
,,,,*,........#..........[.......
,****,.................))[.......
,,,,,,..................)........
******............###....###.....
,,,,,*#......#...## #...## #...##
,,,*,8#.....##....# #....* #.∩.#*
*,*,,,#....#*##..○# ##...* #....#
,,,,,,#....** #d@)#**#...* ##...#
,,,©,,#©..,,* #)q).#*....# #...#
,,,,,,#...,,* ##........,***#...#
*,*,,,#.#,,,* #........,,,,....#
,,,*,8*,*,,,* *#........,,,,....#
,,,,,**,,,,,* *.........,,,,....#
******,,,,,****...##....,,,,,,,,*
,,,,,,,,,,,,,**...#*##..,,,,,,,,*
*,,,,,,,,,,,,,,,,,* *,,,,,,,,,,,,


You could see a white draconian and a green draconian annihilator.

Vanquished Creatures
  An ancient lich (Depths:5)
  Sojobo (Vaults:3)
  Frederick (Vaults:2)
  3 caustic shrikes
  The ghost of straszyg the Slayer, an adept MiFi of Okawaru (Vaults:3)
  7 liches
  14 tentacled monstrosities
  Rupert (Lair:6)
  An Ice Fiend (IceCv)
  4 titans
  3 deep elf blademasters (Elf:3)
  3 deep elf master archers (Elf:3)
  Gastronok (Lair:3)
  4 quicksilver dragons
  4 thorn hunters
  2 sphinxes
  9 tengu reavers
  3 storm dragons
  3 shadow dragons
  Donald (Vaults:3)
  3 draconian monks
  11 fire giants
  8 nagarajas
  10 frost giants
  2 draconian scorchers (Zot:1)
  2 iron dragons (Elf:1)
  6 deep elf elementalists (Elf:3)
  5 deep elf sorcerers (Elf:3)
  A draconian shifter (Zot:1)
  17 vault wardens
  Louise (Elf:2)
  2 draconian annihilators
  17 very ugly things
  4 war gargoyles
  18 ironheart preservers
  2 entropy weavers
  4 vampire knights
  23 stone giants
  9 deep elf demonologists
  10 deep elf annihilators
  2 black draconians (Depths:5)
  3 yellow draconians (Depths:5)
  4 green draconians
  4 red draconians
  3 spark wasps (Depths:3)
  3 purple draconians (Zot:1)
  2 white draconians
  A blizzard demon (Depths:4)
  8 deep elf death magi
  11 ettins
  A merfolk impaler (Depths:2)
  The ghost of Juzuj the Spear-Bearer, a journeyman DsFi of Qazlal (Lair:3)
  13 fire dragons
  5 deep elf high priests
  6 great orbs of eyes
  6 spriggan air magi
  31 hydras
  4 rakshasas
  16 ice dragons
  15 naga warriors
  3 catoblepae
  20 yaktaur captains
  33 two-headed ogres
  2 ghost crabs (Swamp:1)
  9 centaur warriors
  35 vault guards
  A merfolk avatar (Lair:6)
  3 death knights
  3 shambling mangroves
  12 anacondas
  33 dancing weapons
  4 tengu warriors
  11 ogre magi
  20 alligators
  5 deep troll earth magi
  A two-headed ogre (shapeshifter) (Vaults:3)
  5 death yaks
  A queen ant (D:12)
  An orc high priest (Elf:1)
  7 deep troll shamans
  A sun demon (Depths:4)
  8 spriggan berserkers
  5 naga sharpshooters
  10 shock serpents
  18 deep elf knights
  A soul eater (Depths:5)
  A salamander mystic (Snake:2)
  2 iron trolls
  A titan skeleton (Depths:4)
  A fire crab (shapeshifter) (Vaults:2)
  A sixfirhy (Depths:4)
  4 hell knights
  A shadow wraith (Vaults:2)
  3 spriggan druids (Swamp:4)
  A sea snake (shapeshifter) (Vaults:3)
  5 glowing orange brains
  9 sea snakes (Snake:4)
  3 unseen horrors
  3 unseen horrors (shapeshifter)
  22 deep elf archers
  The ghost of Kagalorn the Fighter, a novice MiWn of Qazlal (D:6)
  A glowing orange brain (shapeshifter) (D:15)
  5 wizards
  A flayed ghost (Depths:2)
  A gelid demonspawn (Depths:5)
  16 deep trolls
  A lindwurm (Lair:6)
  A golden dragon skeleton (Depths:4)
  9 swamp dragons
  6 phantasmal warriors
  9 naga ritualists
  5 necromancers
  4 oklob plants (Lair:5)
  21 ironbrand convokers
  14 orc knights
  A mana viper (shapeshifter) (Vaults:5)
  6 cyclopes
  6 harpies
  14 mana vipers
  4 wolf spiders
  68 deep elf magi
  A manticore (D:14)
  A sphinx skeleton (Depths:4)
  8 salamanders
  3 elephants (Lair:6)
  34 ugly things
  15 vault sentinels
  A stone giant skeleton (Vaults:1)
  45 black mambas
  4 guardian serpents (Snake:4)
  12 naga magi
  2 ice statues
  11 spiny frogs
  3 human zombies (Vaults:1)
  2 gargoyles
  A hellion (Depths:5)
  62 yaktaurs
  6 rime drakes
  3 centaur skeletons
  An anaconda simulacrum (IceCv)
  4 tengu conjurers
  4 efreet
  7 freezing wraiths
  7 komodo dragons
  7 ice devils (IceCv)
  6 trolls
  A golden dragon simulacrum (IceCv)
  A red devil (Depths:4)
  2 polar bears
  8 tyrant leeches
  16 hornets
  2 hornets (shapeshifter)
  A wind drake (shapeshifter) (Elf:2)
  22 slime creatures
  A slime creature (shapeshifter) (Vaults:5)
  10 hippogriffs
  11 blink frogs
  4 bog bodies
  Prince Ribbit (D:7)
  A frost giant simulacrum (Vaults:3)
  6 air elementals
  A shadow (D:14)
  A ynoxinul (Depths:5)
  A redback (Vaults:5)
  2 vampires
  7 water elementals
  A wraith (D:9)
  5 dire elephant simulacra (IceCv)
  8 spriggans
  4 wyverns (Lair:6)
  A fire elemental (Elf:3)
  38 yaks
  9 vampire mosquitoes
  A steam dragon (D:14)
  5 basilisks
  4 chaos spawn
  14 swamp worms
  3 hungry ghosts
  A neqoxec (Depths:4)
  An iron troll simulacrum (IceCv)
  An ogre zombie (Vaults:1)
  5 harpy simulacra (IceCv)
  52 nagas
  22 soldier ants
  A swamp worm (shapeshifter) (Vaults:5)
  6 wargs
  8 large abominations (Depths:1)
  3 insubstantial wisps (Swamp:4)
  2 soldier ants (shapeshifter)
  3 hydra simulacra (IceCv)
  An acid dragon (Vaults:2)
  7 porcupines
  11 water moccasins
  Duvessa (D:6)
  2 black bears (shapeshifter)
  An ogre skeleton (Vaults:1)
  13 swamp drakes
  A black bear (D:13)
  A hornet zombie (D:5)
  43 orc warriors
  A floating eye (Depths:3)
  5 ice beasts
  6 ettin simulacra
  A sky beast (D:10)
  2 eyes of draining (shapeshifter)
  10 wolves
  8 necrophages
  A phantom (D:6)
  2 eyes of draining
  28 ogres
  9 boggarts
  28 centaurs
  A crocodile (shapeshifter) (Vaults:4)
  4 big kobolds
  11 crocodiles
  A big kobold (shapeshifter) (Depths:4)
  4 elf zombies
  3 small abominations (Depths:1)
  18 bullfrogs
  An earth elemental (Elf:1)
  Dowan (D:6)
  8 scorpions
  A water moccasin skeleton (D:5)
  7 killer bees
  2 orc simulacra
  2 wights (D:7)
  5 howler monkeys
  4 electric eels
  8 crimson imps
  2 bullfrog zombies
  9 centaur zombies
  2 human simulacra (Vaults:1)
  4 quasits
  4 jellies
  A draconian simulacrum (IceCv)
  6 hounds
  21 orc priests
  Crazy Yiuf (D:6)
  An iron imp (Depths:5)
  21 orc wizards
  Ijyb (D:4)
  38 worker ants
  A polar bear simulacrum (IceCv)
  5 troll simulacra (IceCv)
  A wolf simulacrum (IceCv)
  A killer bee zombie (D:7)
  A big kobold zombie (Ossuary)
  3 centaur simulacra (IceCv)
  A hound zombie (D:7)
  A hound skeleton (D:4)
  6 worker ant zombies
  3 mummies (Ossuary)
  15 adders
  3 gnolls (D:6)
  A howler monkey skeleton (D:6)
  2 naga simulacra (IceCv)
  An ogre simulacrum (IceCv)
  6 shadow imps
  6 white imps
  11 ufetubi
  An ooze (D:4)
  5 adder zombies (Ossuary)
  3 adder skeletons
  3 worms
  2 dart slugs
  6 leopard geckos
  99 orcs
  5 giant cockroaches
  3 goblins
  9 hobgoblins
  10 jackals
  8 quokkas
  A ball python (D:1)
  9 bats
  2 frilled lizards
  A gnoll zombie (Ossuary)
  7 goblin zombies
  2 hobgoblin zombies (Ossuary)
  3 jackal zombies
  20 kobolds
  2 kobold zombies (Ossuary)
  A leopard gecko zombie (D:5)
  3 orc zombies
  3 quokka zombies
  7 rats
  10 rat zombies (Ossuary)
  8 crawling corpses
  22 plants
2108 creatures vanquished.

Vanquished Creatures (collateral kills)
  A nagaraja (Snake:2)
  Aizul (Snake:1)
  An ironheart preserver (Vaults:3)
  An entropy weaver (D:12)
  A dire elephant (Lair:5)
  A great orb of eyes (Depths:5)
  4 hydras
  2 anacondas
  2 two-headed ogres
  A death yak (Lair:4)
  A deep elf knight (Elf:2)
  A salamander mystic (Snake:3)
  An orange crystal statue (Elf:2)
  A mana viper (Snake:3)
  2 naga ritualists
  2 ironbrand convokers (Vaults:3)
  2 orc sorcerers
  A slime creature (D:12)
  2 salamanders
  An elephant (Lair:6)
  3 black mambas
  3 spiny frogs
  A hornet (D:9)
  2 gargoyles (D:11)
  A rime drake (shapeshifter) (Elf:3)
  2 rime drakes (Lair:6)
  3 komodo dragons
  A tengu conjurer (D:14)
  A polar bear (Lair:6)
  2 wind drakes (Lair:6)
  A troll (D:13)
  3 hippogriffs
  4 blink frogs
  A yak (shapeshifter) (D:14)
  2 wyverns
  15 yaks
  A naga (Snake:3)
  A porcupine (D:8)
  3 orc warriors (Bailey)
  A boggart (Vaults:1)
  An ogre (D:11)
  4 wolves
  2 centaurs
  5 crocodiles
  A bullfrog (D:11)
  4 killer bees
  3 orc priests
  3 orc wizards
  3 orcs
  A goblin (D:1)
  2 hobgoblins (D:1)
  A quokka (D:9)
  A plant (Lair:4)
111 creatures vanquished.

Vanquished Creatures (others)
  A lich (Vaults:3)
  A fire giant (Depths:2)
  An ettin (Depths:4)
  An unseen horror (D:11)
  An ironbrand convoker (Vaults:3)
  A deep elf mage (Elf:1)
  A wolf spider (Vaults:3)
  An orc sorcerer (Elf:1)
  A tengu conjurer (Depths:5)
  A hornet (D:9)
  A soldier ant (D:9)
  A spriggan (Swamp:2)
  A black bear (D:10)
  An ogre (Vaults:2)
  An orc priest (Elf:1)
  A shadow imp (D:10)
  4 orcs (Elf:1)
  10 fungi
  11 plants
  2 withered plants (Lair:3)
43 creatures vanquished.

Grand Total: 2262 creatures vanquished

Notes
Turn   | Place    | Note
-------+----------+-------------------------------------------
     0 | D:1      | Kagalorn the Gnoll Wanderer began the quest for the Orb.
     0 | D:1      | Kagalorn set off with the following items: a +0 shortbow, a
                  | wand of enslavement (15), 29 arrows, a +0 short sword, a +0
                  | robe, a ration
     0 | D:1      | Reached XP level 1. HP: 20/20 MP: 2/2
   101 | D:1      | Reached XP level 2. HP: 23/26 MP: 3/3
   743 | D:1      | Reached XP level 3. HP: 10/31 MP: 4/4
  1557 | D:2      | Reached skill level 1 in Invocations
  1877 | D:2      | Reached skill level 1 in Long Blades
  1877 | D:2      | Reached skill level 1 in Maces & Flails
  1877 | D:2      | Reached skill level 1 in Polearms
  1877 | D:2      | Reached skill level 1 in Staves
  1877 | D:2      | Reached skill level 1 in Slings
  1877 | D:2      | Reached skill level 1 in Bows
  1877 | D:2      | Reached skill level 1 in Crossbows
  1877 | D:2      | Reached skill level 1 in Throwing
  1877 | D:2      | Reached skill level 1 in Dodging
  1877 | D:2      | Reached skill level 1 in Unarmed Combat
  1877 | D:2      | Reached skill level 1 in Spellcasting
  1999 | D:2      | Reached XP level 4. HP: 35/38 MP: 6/6
  2072 | D:2      | Found an ornate altar of the Wu Jian Council.
  2731 | D:3      | Reached skill level 1 in Conjurations
  2731 | D:3      | Reached skill level 1 in Hexes
  2731 | D:3      | Reached skill level 1 in Charms
  2731 | D:3      | Reached skill level 1 in Summonings
  2731 | D:3      | Reached skill level 1 in Necromancy
  2731 | D:3      | Reached skill level 1 in Translocations
  2731 | D:3      | Reached skill level 1 in Transmutations
  2731 | D:3      | Reached skill level 1 in Fire Magic
  2731 | D:3      | Reached skill level 1 in Ice Magic
  2731 | D:3      | Reached skill level 1 in Air Magic
  2731 | D:3      | Reached skill level 1 in Earth Magic
  2731 | D:3      | Reached skill level 1 in Poison Magic
  2731 | D:3      | Reached XP level 5. HP: 43/43 MP: 7/7
  3747 | D:4      | Reached XP level 6. HP: 41/50 MP: 8/8
  3971 | D:4      | HP: 1/50 [orc priest/divine providence (9)]
  3980 | D:4      | Reached skill level 5 in Fighting
  3980 | D:4      | Reached skill level 5 in Short Blades
  3980 | D:4      | Reached skill level 5 in Axes
  4268 | D:4      | Found a glowing silver altar of Zin.
  4417 | D:4      | Reached XP level 7. HP: 12/56 MP: 10/10
  4666 | D:4      | Found a glowing golden altar of the Shining One.
  4673 | D:4      | Noticed Ijyb
  4724 | D:4      | Killed Ijyb
  5021 | D:4      | Found a stormy altar of Qazlal.
  5091 | D:4      | HP: 1/56 [ogre/+0 giant club (22)]
  5543 | D:5      | Entered Level 5 of the Dungeon
  5697 | D:5      | HP: 2/56 [centaur (1)]
  6256 | D:5      | Reached XP level 8. HP: 58/63 MP: 12/12
  7627 | D:6      | Found an opulent altar of Gozag.
  7631 | D:6      | Found a runed translucent gate.
  7631 | D:6      | Found a runed translucent gate.
  7635 | D:6      | Found a runed translucent gate.
  7644 | D:6      | Noticed Kagalorn's ghost (novice MiWn)
  7698 | D:6      | Found a staircase to the Ecumenical Temple.
  7715 | Temple   | Entered the Ecumenical Temple
  7774 | Temple   | Became a worshipper of Ashenzari the Shackled
  7811 | D:6      | Found a basalt altar of Yredelemnul.
  7848 | D:6      | Found a sand-covered staircase.
  7915 | Ossuary  | Entered an ossuary
  7996 | Ossuary  | Reached XP level 9. HP: 57/69 MP: 14/14
  8772 | D:6      | Got the spear of Conformity {pierce, Int+5 Dex+4}
  8773 | D:6      | Identified the +6 spear of Conformity {pierce, Int+5 Dex+4}
                  | (You found it on level 6 of the Dungeon)
  8941 | D:6      | Found a shimmering blue altar of Sif Muna.
  8943 | D:6      | Found a shimmering altar of Xom.
  8943 | D:6      | Found an iron altar of Okawaru.
  8945 | D:6      | Found a blossoming altar of Fedhas.
  8945 | D:6      | Found a blossoming altar of Fedhas.
  8945 | D:6      | Found a radiant altar of Vehumet.
  9093 | D:6      | Found a runed translucent door.
  9094 | D:6      | Noticed Crazy Yiuf
  9104 | D:6      | Killed Crazy Yiuf
  9161 | D:6      | Found a shimmering blue altar of Sif Muna.
  9377 | D:7      | Found a blossoming altar of Fedhas.
  9432 | D:7      | Noticed Duvessa
  9432 | D:7      | Noticed Dowan
  9452 | D:6      | Killed Duvessa
  9452 | D:6      | Reached skill level 5 in Armour
  9452 | D:6      | Reached skill level 5 in Shields
  9452 | D:6      | Reached skill level 5 in Evocations
  9459 | D:6      | Killed Dowan
  9568 | D:7      | Noticed Prince Ribbit
  9587 | D:7      | Killed Prince Ribbit
  9587 | D:7      | Reached skill level 5 in Stealth
  9733 | D:7      | Found Zaozonij's Antique Armour Boutique.
  9742 | D:7      | Bought a pair of bloodstained boots for 247 gold pieces
  9748 | D:7      | Identified the +0 pair of boots "Itezamy" {rElec} (You
                  | bought it in a shop on level 7 of the Dungeon)
  9798 | D:7      | Reached skill level 5 in Invocations
  9880 | D:7      | Found an ancient bone altar of Kikubaaqudgha.
  9985 | D:7      | Reached XP level 10. HP: 77/77 MP: 17/17
 10136 | D:7      | Noticed an ice statue
 10587 | D:8      | Reached skill level 5 in Long Blades
 10587 | D:8      | Reached skill level 5 in Maces & Flails
 10587 | D:8      | Reached skill level 5 in Polearms
 10587 | D:8      | Reached skill level 5 in Staves
 10587 | D:8      | Reached skill level 5 in Slings
 10587 | D:8      | Reached skill level 5 in Bows
 10587 | D:8      | Reached skill level 5 in Crossbows
 10587 | D:8      | Reached skill level 5 in Throwing
 10587 | D:8      | Reached skill level 5 in Dodging
 10587 | D:8      | Reached skill level 5 in Unarmed Combat
 10587 | D:8      | Reached skill level 5 in Spellcasting
 10916 | D:8      | Found a staircase to the Lair.
 11258 | D:9      | Reached * piety under Ashenzari
 11261 | D:9      | Found a flagged portal.
 11479 | Bailey   | Entered a bailey
 11916 | Bailey   | Noticed an orc knight
 11951 | Bailey   | Killed an orc knight
 12110 | D:9      | Noticed a fire dragon
 12110 | D:9      | Noticed an ice dragon
 12110 | D:9      | Noticed an ice dragon
 12111 | D:9      | Found the +2 shield of Resistance {rF+ rC+ MR+}
 12111 | D:9      | Found a runed translucent door.
 12112 | D:9      | Noticed a fire dragon
 12123 | D:9      | Found a runed translucent door.
 12431 | D:9      | Noticed a two-headed ogre
 12450 | D:9      | Found a transporter.
 12628 | D:9      | Noticed a two-headed ogre
 12891 | D:9      | Reached XP level 11. HP: 79/84 MP: 19/19
 13786 | D:6      | Killed Kagalorn's ghost
 13896 | D:9      | Found a roughly hewn altar of Beogh.
 13896 | D:9      | Found a transporter.
 13968 | D:10     | Entered Level 10 of the Dungeon
 14019 | D:10     | Noticed Sonja
 14024 | D:10     | Noticed Sonja
 14024 | D:10     | Sonja changed into Sonja the spriggan
 14031 | D:10     | Reached skill level 5 in Conjurations
 14031 | D:10     | Reached skill level 5 in Hexes
 14031 | D:10     | Reached skill level 5 in Charms
 14031 | D:10     | Reached skill level 5 in Summonings
 14031 | D:10     | Reached skill level 5 in Necromancy
 14031 | D:10     | Reached skill level 5 in Translocations
 14031 | D:10     | Reached skill level 5 in Transmutations
 14031 | D:10     | Reached skill level 5 in Fire Magic
 14031 | D:10     | Reached skill level 5 in Ice Magic
 14031 | D:10     | Reached skill level 5 in Air Magic
 14031 | D:10     | Reached skill level 5 in Earth Magic
 14031 | D:10     | Reached skill level 5 in Poison Magic
 14191 | D:10     | Noticed Sonja
 14191 | D:10     | Sonja the spriggan changed into Sonja the black mamba
 14197 | D:10     | Killed Sonja the black mamba
 14750 | D:10     | Noticed a two-headed ogre
 14984 | D:10     | Reached ** piety under Ashenzari
 15109 | D:10     | Found Aheschapn's Food Boutique.
 15356 | D:10     | Killed a two-headed ogre
 15858 | D:10     | Found Aheschapn's Food Boutique.
 16262 | Lair:1   | Entered Level 1 of the Lair of Beasts
 16538 | Lair:1   | Noticed an eight-headed hydra
 16683 | D:8      | Learned a level 4 spell: Petrify
 16688 | D:8      | Learned a level 4 spell: Summon Ice Beast
 17317 | D:8      | Killed an eight-headed hydra
 17317 | D:8      | Reached XP level 12. HP: 55/93 MP: 17/22
 18915 | Lair:2   | Noticed a six-headed hydra
 18955 | Lair:2   | Killed a six-headed hydra
 19348 | Lair:2   | Noticed a four-headed hydra
 19361 | Lair:2   | Killed a four-headed hydra
 19569 | Lair:2   | Noticed a seven-headed hydra
 19581 | Lair:2   | Killed a seven-headed hydra
 20210 | Lair:2   | Noticed a five-headed hydra
 20239 | Lair:2   | Killed a five-headed hydra
 20412 | Lair:2   | Found a staircase to the Swamp.
 20924 | Lair:3   | Found a runed translucent door.
 20924 | Lair:3   | Noticed Juzuj's ghost (journeyman DsFi)
 21048 | Lair:3   | Noticed Gastronok
 21055 | Lair:3   | Reached XP level 13. HP: 87/101 MP: 22/24
 21497 | Lair:3   | Found a staircase to the Snake Pit.
 21722 | Lair:3   | Killed Gastronok
 22177 | Lair:4   | Found a dark tunnel.
 22183 | Volcano  | Entered a volcano
 22420 | Volcano  | Got the cursed helmet of Zoafus {rN++}
 22448 | Volcano  | Identified the cursed +0 helmet of Zoafus {rN++} (You found
                  | it in a volcano)
 22739 | Lair:4   | Learned a level 5 spell: Summon Mana Viper
 23080 | Lair:4   | Found a stormy altar of Qazlal.
 23458 | Lair:5   | Reached *** piety under Ashenzari
 23672 | Lair:5   | Found a viscous altar of Jiyva.
 23672 | Lair:5   | Found a staircase to the Slime Pits.
 24244 | Lair:6   | Entered Level 6 of the Lair of Beasts
 24628 | Lair:6   | Identified the Compendium of Forking Paths
 24799 | Lair:6   | Noticed a dire elephant
 25482 | Lair:4   | Reached XP level 14. HP: 32/109 MP: 21/26
 25821 | Lair:5   | Killed a dire elephant
 25909 | Lair:6   | Noticed Rupert
 25940 | Lair:6   | Killed Rupert
 26132 | Lair:6   | Reached skill level 10 in Fighting
 26132 | Lair:6   | Reached skill level 10 in Short Blades
 26132 | Lair:6   | Reached skill level 10 in Axes
 26637 | Lair:6   | Reached **** piety under Ashenzari
 28156 | D:9      | Found a runed translucent door.
 28244 | D:9      | Found a transporter.
 28822 | D:9      | Found a roughly hewn altar of Beogh.
 28822 | D:9      | Found a transporter.
 28952 | D:11     | Found a gateway to a bazaar.
 29199 | D:11     | Found a sparkling altar of Nemelex Xobeh.
 29263 | D:11     | Learned a level 2 spell: Blink
 29439 | D:11     | Found a shimmering altar of Xom.
 30162 | D:12     | Found a staircase to the Orcish Mines.
 30187 | D:12     | Found Zuamar's Jewellery Boutique.
 30243 | D:12     | Found a roughly hewn altar of Beogh.
 30259 | D:12     | Reached skill level 10 in Invocations
 30914 | D:12     | Paralysed by a hornet for 3 turns
 31324 | Orc:1    | Entered Level 1 of the Orcish Mines
 31324 | Orc:1    | Reached ***** piety under Ashenzari
 32000 | Orc:2    | Entered Level 2 of the Orcish Mines
 32049 | Orc:2    | Found a staircase to the Elven Halls.
 33132 | Orc:2    | Reached XP level 15. HP: 117/117 MP: 28/28
 33212 | Orc:2    | Found Begigoh's Distillery.
 33212 | Orc:2    | Found Vidorust's Weapon Boutique.
 33214 | Orc:2    | Found Nienke Dong's Distillery.
 33216 | Orc:2    | Found Ynimaam's General Store.
 33339 | Bazaar   | Entered a bazaar
 33339 | Bazaar   | Found Lemiurosesk's General Store.
 33345 | Bazaar   | Found Raeranif's Food Emporium.
 33351 | Bazaar   | Found Rifieczi's Jewellery Shoppe.
 33366 | Bazaar   | Found Eniemnih's Assorted Antiques.
 33374 | Bazaar   | Found Xogagokh's Weapon Shop.
 33384 | Bazaar   | Bought a scroll of teleportation for 78 gold pieces
 33384 | Bazaar   | Bought a scroll of enchant weapon for 195 gold pieces
 33384 | Bazaar   | Bought a scroll of remove curse for 78 gold pieces
 33384 | Bazaar   | Bought a scroll of teleportation for 78 gold pieces
 33536 | Orc:2    | Bought the +8 mithril axe "Arga" {speed, MR+} for 1162 gold
                  | pieces
 33536 | Orc:2    | Found the +8 mithril axe "Arga" {speed, MR+}
 33962 | D:13     | Reached skill level 10 in Armour
 33962 | D:13     | Reached skill level 10 in Shields
 33962 | D:13     | Reached skill level 10 in Evocations
 34173 | D:12     | Reached skill level 10 in Stealth
 34985 | D:13     | Found a gate to the Vaults.
 35356 | D:12     | Bought an uncursed amulet of guardian spirit for 510 gold
                  | pieces
 35745 | D:14     | Reached skill level 10 in Long Blades
 35745 | D:14     | Reached skill level 10 in Maces & Flails
 35745 | D:14     | Reached skill level 10 in Polearms
 35745 | D:14     | Reached skill level 10 in Staves
 35745 | D:14     | Reached skill level 10 in Slings
 35745 | D:14     | Reached skill level 10 in Bows
 35745 | D:14     | Reached skill level 10 in Crossbows
 35745 | D:14     | Reached skill level 10 in Throwing
 35745 | D:14     | Reached skill level 10 in Dodging
 35745 | D:14     | Reached skill level 10 in Unarmed Combat
 35745 | D:14     | Reached skill level 10 in Spellcasting
 36545 | D:15     | Entered Level 15 of the Dungeon
 36550 | D:15     | Found a staircase to the Depths.
 36550 | D:15     | Noticed a fire giant
 36630 | D:15     | Killed a fire giant
 36929 | D:15     | Reached ****** piety under Ashenzari
 37484 | Snake:1  | Entered Level 1 of the Snake Pit
 37655 | Snake:1  | Found a frozen archway.
 37687 | Snake:1  | Reached XP level 16. HP: 94/125 MP: 18/30
 37772 | IceCv    | Entered an ice cave
 38746 | IceCv    | Noticed an Ice Fiend
 39111 | IceCv    | Killed an Ice Fiend
 40086 | Snake:1  | Found Zyshral's Distillery.
 40234 | Snake:1  | Noticed Aizul
 40258 | Snake:1  | Killed Aizul
 41252 | Snake:2  | Noticed a nagaraja
 42436 | Snake:2  | Noticed a nagaraja
 42476 | Snake:2  | Killed a nagaraja
 42730 | Snake:2  | Killed a nagaraja
 42730 | Snake:2  | Reached XP level 17. HP: 115/133 MP: 19/32
 44201 | Snake:3  | Found Amanim's Gadget Shoppe.
 44203 | Snake:3  | Found Yhimecax's Jewellery Shop.
 44204 | Snake:3  | Found Xel Pihump's Gadget Shoppe.
 44690 | Snake:4  | Entered Level 4 of the Snake Pit
 47537 | Snake:4  | Reached skill level 10 in Conjurations
 47537 | Snake:4  | Reached skill level 10 in Hexes
 47537 | Snake:4  | Reached skill level 10 in Charms
 47537 | Snake:4  | Reached skill level 10 in Summonings
 47537 | Snake:4  | Reached skill level 10 in Necromancy
 47537 | Snake:4  | Reached skill level 10 in Translocations
 47537 | Snake:4  | Reached skill level 10 in Transmutations
 47537 | Snake:4  | Reached skill level 10 in Fire Magic
 47537 | Snake:4  | Reached skill level 10 in Ice Magic
 47537 | Snake:4  | Reached skill level 10 in Air Magic
 47537 | Snake:4  | Reached skill level 10 in Earth Magic
 47537 | Snake:4  | Reached skill level 10 in Poison Magic
 47620 | Snake:4  | Reached XP level 18. HP: 75/141 MP: 20/33
 48102 | Snake:4  | Got a serpentine rune of Zot
 48773 | Swamp:1  | Entered Level 1 of the Swamp
 52259 | Swamp:4  | Entered Level 4 of the Swamp
 53535 | Swamp:4  | Reached XP level 19. HP: 112/149 MP: 25/35
 53749 | Swamp:4  | Got a decaying rune of Zot
 55545 | Vaults:1 | Entered Level 1 of the Vaults
 55974 | Vaults:1 | Found Aluqotuj's Antique Armour Shoppe.
 57307 | Vaults:2 | Noticed Frederick
 57321 | Vaults:2 | Killed Frederick
 57374 | Vaults:2 | Learned a level 2 spell: Passwall
 57381 | Vaults:2 | Learned a level 6 spell: Invisibility
 57555 | Vaults:2 | Found a staircase to the Crypt.
 57711 | Vaults:2 | Reached XP level 20. HP: 157/157 MP: 36/36
 59195 | Vaults:3 | Noticed Donald
 59212 | Vaults:3 | Killed Donald
 59478 | Vaults:3 | Found a runed translucent gate.
 59478 | Vaults:3 | Found a runed translucent gate.
 59479 | Vaults:3 | Found a runed translucent gate.
 59479 | Vaults:3 | Noticed straszyg's ghost (adept MiFi)
 59486 | Vaults:3 | Identified the +5 hat of the Dice {Str+4 Slay+2}
 59518 | Vaults:3 | Noticed a lich
 59520 | Vaults:3 | Noticed Sojobo
 59525 | Vaults:3 | Identified the +6 trident of Might {freeze, +Rage +Inv
                  | Str-2 Dex+3}
 59710 | Vaults:3 | Killed a lich
 59710 | Vaults:3 | Reached XP level 21. HP: 165/165 MP: 29/38
 59778 | Vaults:3 | Killed Sojobo
 60269 | Vaults:3 | Killed straszyg's ghost
 61672 | Vaults:4 | Reached skill level 15 in Invocations
 61949 | Vaults:4 | Found the +3 sling "Punk" {acid, rCorr}
 62303 | Vaults:4 | Found the +8 glaive of the Guard {elec, +Rage AC+5 SInv}
 62949 | Elf:1    | Entered Level 1 of the Elven Halls
 63522 | Elf:1    | Reached XP level 22. HP: 135/173 MP: 32/40
 64029 | Elf:1    | Found a runed translucent gate.
 64029 | Elf:1    | Found a runed translucent gate.
 64029 | Elf:1    | Found a runed translucent gate.
 64029 | Elf:1    | Found a runed translucent gate.
 64029 | Elf:1    | Found a runed translucent gate.
 64031 | Elf:1    | Found a runed translucent gate.
 64048 | Elf:1    | Learned a level 5 spell: Silence
 64055 | Elf:1    | Learned a level 6 spell: Deflect Missiles
 64062 | Elf:1    | Learned a level 6 spell: Freezing Cloud
 64513 | Elf:2    | Found a huge runed translucent gate.
 64513 | Elf:2    | Found a huge runed translucent gate.
 64514 | Elf:2    | Found a huge runed translucent gate.
 64515 | Elf:2    | Found a huge runed translucent gate.
 64523 | Elf:2    | Found a huge runed translucent gate.
 65065 | Elf:2    | Noticed Louise
 65088 | Elf:2    | Killed Louise
 65622 | Elf:3    | Entered Level 3 of the Elven Halls
 65677 | Elf:3    | Reached skill level 15 in Fighting
 65677 | Elf:3    | Reached skill level 15 in Short Blades
 65677 | Elf:3    | Reached skill level 15 in Axes
 66814 | Elf:3    | Identified the ring of Ehaer {-Tele Str+4 Int+4 SInv}
 67287 | Elf:3    | Reached XP level 23. HP: 176/181 MP: 34/41
 67378 | Elf:3    | Identified the +11 spear "Femefy" {venom, rPois Str+2
                  | Dex+4}
 67379 | Elf:3    | Identified the +9 arbalest of Fedhas's Pride {elec, -Tele
                  | Str-2 Int+4 Dex+6}
 67382 | Elf:3    | Identified the Reference Book on Igneous Feathers
 67383 | Elf:3    | Identified the +1 pair of gloves of Huish {rC+ Str+3 Int+4}
 67385 | Elf:3    | Identified the +5 hunting sling of the Unseen Realm
                  | {freeze, rElec rN+ Str-4 Dex+5}
 67415 | Elf:3    | Identified the +2 long sword of the Blind Eye {elec,
                  | Fragile rF+ Str+2}
 67427 | Elf:3    | Identified the +9 glaive "Ompikk" {flame, +Fly Int+7}
 67438 | Elf:3    | Identified the Disquisition on Boosting Stones
 67487 | Elf:3    | Identified the cursed +0 trident "Tyek" {pierce, Str+3
                  | Dex-4}
 67487 | Elf:3    | Identified the +1 hand axe of Beyond {flame, rF- MP+9 Int+3
                  | SInv} (You found it on level 6 of the Lair of Beasts)
 67520 | Elf:3    | Identified the cursed +1 scale mail of the Teacher {-Tele
                  | rN++ Regen+ Slay+2} (You found it on level 3 of the Elven
                  | Halls)
 67877 | Depths:1 | Entered Level 1 of the Depths
 67990 | Depths:1 | Found a gateway to Hell.
 68031 | Depths:1 | Reached skill level 15 in Armour
 68031 | Depths:1 | Reached skill level 15 in Shields
 68031 | Depths:1 | Reached skill level 15 in Evocations
 68149 | Depths:1 | Reached skill level 15 in Stealth
 68178 | Depths:1 | Found a one-way gate to the infinite horrors of the Abyss.
 68785 | Depths:1 | Identified Tyimank's Papyrus of Destructive Heat
 68938 | Depths:2 | Reached skill level 15 in Long Blades
 68938 | Depths:2 | Reached skill level 15 in Maces & Flails
 68938 | Depths:2 | Reached skill level 15 in Polearms
 68938 | Depths:2 | Reached skill level 15 in Staves
 68938 | Depths:2 | Reached skill level 15 in Slings
 68938 | Depths:2 | Reached skill level 15 in Bows
 68938 | Depths:2 | Reached skill level 15 in Crossbows
 68938 | Depths:2 | Reached skill level 15 in Throwing
 68938 | Depths:2 | Reached skill level 15 in Dodging
 68938 | Depths:2 | Reached skill level 15 in Unarmed Combat
 68938 | Depths:2 | Reached skill level 15 in Spellcasting
 69232 | Depths:2 | Found a flickering gateway to a bazaar.
 69260 | Bazaar   | Entered a bazaar
 69265 | Bazaar   | Found Fiaskefirch's Antique Armour Shop.
 69295 | Bazaar   | Found Viunauf's Gadget Shop.
 69319 | Bazaar   | Bought a spiked helmet for 237 gold pieces
 69319 | Bazaar   | Identified the +0 helmet of Quantum Leap {rCorr MP+9 Str+4
                  | SInv} (You bought it in a shop in a bazaar)
 69321 | Bazaar   | Bought an ichor-stained plate armour for 700 gold pieces
 69324 | Bazaar   | Identified the cursed +0 plate armour of Trog's Anger
                  | {rPois rC+ rN++ Int+3} (You bought it in a shop in a
                  | bazaar)
 69326 | Bazaar   | Bought a fine shield for 237 gold pieces
 69326 | Bazaar   | Identified the cursed +0 shield of Fashionability {*Corrode
                  | rF+ rN+++ Dex+2} (You bought it in a shop in a bazaar)
 69346 | Bazaar   | Bought a wand of paralysis (6) for 88 gold pieces
 69346 | Bazaar   | Bought a wand of digging (7) for 242 gold pieces
 70133 | Depths:3 | Found a gateway to a ziggurat.
 70388 | Depths:3 | Reached XP level 24. HP: 185/190 MP: 42/42
 70513 | Depths:3 | Found a one-way gate leading to the halls of Pandemonium.
 70695 | Depths:3 | Found Gyiroon's Book Emporium.
 70961 | Depths:3 | Identified the ring of Otaeniz {rElec EV+2}
 71125 | Depths:3 | Bought a book of the Earth for 1430 gold pieces
 71134 | Depths:3 | Learned a level 6 spell: Statue Form
 72001 | Depths:4 | Identified the +1 hunting sling of Fidgh {venom, rC- rN+
                  | Int+7 Stlth+}
 72351 | Depths:5 | Entered Level 5 of the Depths
 72581 | Depths:5 | Found a gate to the Realm of Zot.
 72962 | Depths:5 | Identified a scroll of acquirement
 72969 | Depths:5 | Noticed an ancient lich
 72984 | Depths:5 | Killed an ancient lich
 72984 | Depths:5 | Reached XP level 25. HP: 198/198 MP: 39/42
 73014 | Depths:5 | Identified Axiala's Volume of Bewitching Fire
 73031 | Depths:5 | Identified the cursed amulet "Plog" {Gourm +Inv Str+3} (You
                  | acquired it on level 5 of the Depths)
 74445 | Lair:3   | Killed Juzuj's ghost
 74765 | Lair:1   | Identified the cursed +0 trident "Tyek" {pierce, Str+3
                  | Dex-4}
 75394 | Vaults:5 | Entered Level 5 of the Vaults
 76214 | Vaults:5 | Identified the Collected Works on the Fiery Rocks
 76224 | Vaults:5 | Got a silver rune of Zot
 76278 | Vaults:5 | Found Maelorof's Antique Armour Shoppe.
 76281 | Vaults:5 | Identified the ring "Vaer Tet" {rF+ rC++ rCorr Str-2}
 76281 | Vaults:5 | Found the amulet of the Air {Inacc +Fly rElec EV+5 RMsl}
 76317 | Vaults:5 | Identified the Collected Works on Attacks
 77061 | Vaults:5 | Reached XP level 26. HP: 179/207 MP: 37/43
 77920 | Vaults:4 | Learned a level 6 spell: Shadow Creatures
 78231 | Zot:1    | Entered Level 1 of the Realm of Zot
 78387 | Zot:1    | Found a transporter.
 78438 | Zot:1    | Killed from afar by a green draconian annihilator

Levels and vault maps discovered:
D:1:      matt_arrival_refuge, layout_loops_ring
D:2:      layout_loops_cross, lemuel_crystal_altar
D:3:      layout_loops_cross, st_stairs_4
D:4:      minmay_razor_zed, layout_loops_ring, kennysheep_mini_moat,
          kennysheep_mini, zin_statuary, uniq_ijyb
D:5:      minmay_octagon_keep, layout_layer_cave, first_ration
D:6:      layout_basic, lemuel_crystal_altar, doesnt_xom_only_xom,
          lemuel_blue_sif_altar, nicolae_overflow_crystal_walls,
          minmay_temple_entry_ruins, enter_ossuary_4, ebering_ghost_rock_garden,
          kennysheep_doodads, uniq_crazy_yiuf_cottage
D:7:      lemuel_ice_statue, layout_basic, kiku_gazebo_pond_becter,
          serial_shops, shop, serial_undead, serial_undead_a, serial_undead_b,
          serial_undead_f, serial_undead_f, fedhas_altar_2, uniq_prince_ribbit1,
          uniq_duvessa
D:8:      layout_cave_pools, erik_lair_orcish_takeover
D:9:      gammafunk_beogh_shrine, layout_long_grid, enter_bailey_2,
          hangedman_pestilent_swarm, minmay_guarded_unrand_resistance
D:10:     layout_small_grid, serial_shops, shop, uniq_sonja
D:11:     layout_layer_cave, serial_shops, bzr_entry_lakeside, basic_altar,
          nemelex_diamond_rough_becter
D:12:     layout_grid_maze, minmay_orc_entry_temple_small, serial_shops,
          shop_statue
D:13:     layout_rooms, david_vaults_1, zaba_anthell
D:14:     layout_basic, serial_bayou_shore_a
D:15:     grunt_enter_depths_giant_problem, layout_small_grid,
          hangedman_decor_lopped, chequers_garden
Temple:   cyrus_circular_temple
Lair:1:   layout_cave_shapes, serial_bayou_pond_e, st_stairs_8,
          grunt_megastairs_2
Lair:2:   layout_chaotic_city, palyth_hydra_swamp_entry, grunt_megastairs_4
Lair:3:   layout_loops_ring, guppyfry_snake_entry_garden, gammafunk_ghost_grave,
          uniq_gastronok
Lair:4:   layout_loops_ring, basic_altar, enter_volcano_4, serial_forest,
          infiniplex_forest_diagonal, infiniplex_forest_lined_2,
          infiniplex_forest_clump_diagonal, infiniplex_forest_lined_2,
          infiniplex_forest_lined_room_2, infiniplex_forest_corner_1,
          infiniplex_forest_straight_1
Lair:5:   minmay_lair_oklob_tunnel, layout_regular_city, slime_altar_1
Lair:6:   gammafunk_lair_ancient_temple, layout_cave_pods, minivault_27,
          st_stairs_9, infiniplex_staircase_pool_2, uniq_rupert
Swamp:1:  layout_basic_swamp, hangedman_swamp_ruin_wall
Swamp:2:  layout_basic_swamp, serial_swamp_ruin, evilmike_swamp_ruin_house_4,
          evilmike_swamp_ruin_wall, evilmike_swamp_ruin_rubble_2, swamp_pool1,
          roderic_carrion_pond
Swamp:3:  layout_basic_swamp, evilmike_swamp_ruin_rubble_1, swamp_pool1,
          nicolae_swamp_rocky_clearing, hangedman_swamp_cone
Swamp:4:  swamp, layout_basic_swamp, swamp_pool4, infiniplex_staircase_pool
Snake:1:  layout_gridlike, portal_ice_cave_entry_ugly_swarm, serial_shops, shop,
          drop_trap, uniq_aizul
Snake:2:  layout_misc_corridors
Snake:3:  layout_chambers, grunt_ministairs_4, minmay_shop_grove
Snake:4:  grunt_snake_rune_pools, layout_cave_town, grunt_ministairs_9,
          lemuel_fruit_tree
Orc:1:    layout_caves
Orc:2:    st_orc_rangers, layout_caves
Elf:1:    elf_arrival_001, layout_loops_cross, orc_legates, st_stairs_9
Elf:2:    layout_geoelf_grid, minivault_16, uniq_louise
Elf:3:    minmay_elf_hall, layout_geoelf_castle
Vaults:1: ontoclasm_vaults_twist, grunt_vaults_twisty, vaults_dpeg_ring,
          v_misc_1, nicolae_vaults_border_crossing,
          nicolae_vaults_three_branches, layout_vaults_quadrants, serial_shops,
          shop
Vaults:2: blue_anna_dwarven_crypt, hangedman_vaults_corner, v_misc_12,
          v_pattern_5, nicolae_vaults_mini_display_case,
          ontoclasm_vaults_gateway, ontoclasm_vaults_shuriken,
          vaults_room_pools, vaults_room_glass_cross,
          nicolae_vaults_little_squares_6, layout_vaults_chaotic_city,
          uniq_frederick
Vaults:3: gammafunk_vaults_ghost_split, nicolae_vaults_know_your_exits,
          v_misc_33, v_misc_5, ontoclasm_vaults_ring_large,
          ontoclasm_vaults_idyll, v_misc_14, hangedman_vaults_stagger,
          hangedman_vaults_stream, grunt_vaults_focal, v_alt_pattern_5,
          vaults_mumra_lcd, layout_vaults_maze_bifur, uniq_sojobo, uniq_donald
Vaults:4: vaults_room_fours, grunt_vaults_bifocal, v_rooms_2, v_misc_31,
          v_misc_2, vaults_standard_mumra_lines,
          minmay_guarded_unrand_guard_vaults, vaults_room_door_hall,
          vaults_room_hallway, nicolae_vaults_shelves_hall,
          ontoclasm_vaults_pinch, vaults_room_door_ring, layout_vaults_omnicross
Vaults:5
Depths:1: layout_gridville, minmay_room_of_horrors, minmay_misc_feat_hallway,
          hell_entry, minmay_misc_feat_enclosed,
          hangedman_abyss_or_decor_stagger, minmay_misc_feat_square, drop_trap,
          minmay_evil_grid
Depths:2: minmay_stepped, layout_gridlike, serial_shops, bzr_entry_islet,
          infiniplex_staircase_hallway_doors, hell_entry, abyss_entry,
          kennysheep_random_hallway
Depths:3: hangedman_elemental_death_ray, layout_gridville, enter_ziggurat_e,
          hell_entry, rand_demon_pan_entry_4, roderic_serpentine_path,
          firewood_loft, minmay_shop_star, minmay_staircase_bubble,
          serial_bayou_shore_b
Depths:4: onia_ninara_swampy_vault, layout_gridville,
          hangedman_abyss_entry_splay, rand_demon_pan_entry_3, hell_entry,
          minivault_11
Depths:5: grunt_crosshair, layout_gridville, nrook_mini_vaults, hell_entry,
          grunt_pan_entry_in_and_out, minmay_librarian
Zot:1:    gammafunk_sealed_arena, layout_onion, skrybe_zot_glass_2

Skill      XL: |  1  2  3  4  5  6  7  8  9 10 11 12 13 14 15 16 17 18 19 20 21 22 23 24 25 26 |
---------------+-------------------------------------------------------------------------------+-----
Invocations    | 1 2 3 4 5 6 7 8 9 10 11 12 13 14 15 16 17 | 17.9
Long Blades    | 1 2 3 4 5 6 7 8 9 10 11 12 13 14 15 16 | 16.6
Maces & Flails | 1 2 3 4 5 6 7 8 9 10 11 12 13 14 15 16 | 16.6
Polearms       | 1 2 3 4 5 6 7 8 9 10 11 12 13 14 15 16 | 16.6
Staves         | 1 2 3 4 5 6 7 8 9 10 11 12 13 14 15 16 | 16.6
Slings         | 1 2 3 4 5 6 7 8 9 10 11 12 13 14 15 16 | 16.6
Bows           | 1 2 3 4 5 6 7 8 9 10 11 12 13 14 15 16 | 16.6
Crossbows      | 1 2 3 4 5 6 7 8 9 10 11 12 13 14 15 16 | 16.6
Throwing       | 1 2 3 4 5 6 7 8 9 10 11 12 13 14 15 16 | 16.6
Dodging        | 1 2 3 4 5 6 7 8 9 10 11 12 13 14 15 16 | 16.6
Unarmed Combat | 1 2 3 4 5 6 7 8 9 10 11 12 13 14 15 16 | 16.6
Spellcasting   | 1 2 3 4 5 6 7 8 9 10 11 12 13 14 15 16 | 16.6
Conjurations   | 1 2 3 4 5 6 7 8 9 10 11 12 13 14 | 14.3
Hexes          | 1 2 3 4 5 6 7 8 9 10 11 12 13 14 | 14.3
Charms         | 1 2 3 4 5 6 7 8 9 10 11 12 13 14 | 14.3
Summonings     | 1 2 3 4 5 6 7 8 9 10 11 12 13 14 | 14.3
Necromancy     | 1 2 3 4 5 6 7 8 9 10 11 12 13 14 | 14.3
Translocations | 1 2 3 4 5 6 7 8 9 10 11 12 13 14 | 14.3
Transmutations | 1 2 3 4 5 6 7 8 9 10 11 12 13 14 | 14.3
Fire Magic     | 1 2 3 4 5 6 7 8 9 10 11 12 13 14 | 14.3
Ice Magic      | 1 2 3 4 5 6 7 8 9 10 11 12 13 14 | 14.3
Air Magic      | 1 2 3 4 5 6 7 8 9 10 11 12 13 14 | 14.3
Earth Magic    | 1 2 3 4 5 6 7 8 9 10 11 12 13 14 | 14.3
Poison Magic   | 1 2 3 4 5 6 7 8 9 10 11 12 13 14 | 14.3
Armour         | 3 4 5 6 7 8 9 10 11 12 13 14 15 16 | 16.8
Shields        | 3 4 5 6 7 8 9 10 11 12 13 14 15 16 | 16.8
Evocations     | 3 4 5 6 7 8 9 10 11 12 13 14 15 16 | 16.8
Stealth        | 3 4 5 6 7 8 9 10 11 12 13 14 15 16 | 16.8
Fighting       | 5 6 7 8 9 10 11 12 13 14 15 16 17 | 17.1
Short Blades   | 5 6 7 8 9 10 11 12 13 14 15 16 17 | 17.1
Axes           | 5 6 7 8 9 10 11 12 13 14 15 16 17 | 17.1

Action                   |  1- 3 |  4- 6 |  7- 9 | 10-12 | 13-15 | 16-18 | 19-21 | 22-24 | 25-27 || total
-------------------------+-------+-------+-------+-------+-------+-------+-------+-------+-------++-------
Melee: Short sword       |   130 |   109 |       |       |       |       |       |       |       ||   239
       Bite              |     9 |    31 |    66 |   180 |   324 |   340 |   319 |   350 |   164 ||  1783
       War axe           |       |    82 |   419 |       |       |       |       |       |       ||   501
       Punch             |       |     1 |    10 |       |       |       |       |       |       ||    11
       Unarmed           |       |       |    25 |       |       |       |       |       |       ||    25
       Spear             |       |       |   150 |  1153 |  1385 |       |       |       |       ||  2688
       Broad axe         |       |       |       |       |   523 |  1675 |  1534 |  1737 |   764 ||  6233
       Scimitar          |       |       |       |       |       |   168 |    38 |       |       ||   206
 Fire: Shortbow          |    20 |     2 |     9 |    13 |       |       |       |       |       ||    44
Throw: Dart              |       |       |       |    17 |    24 |       |       |       |       ||    41
 Cast: Summon Ice Beast  |       |       |       |    58 |   133 |    11 |       |       |       ||   202
       Petrify           |       |       |       |     4 |    30 |    10 |       |       |       ||    44
       Summon Mana Viper |       |       |       |       |    29 |    24 |    17 |     5 |     4 ||    79
       Silence           |       |       |       |       |       |       |       |     8 |     5 ||    13
       Deflect Missiles  |       |       |       |       |       |       |       |     4 |     1 ||     5
       Invisibility      |       |       |       |       |       |       |       |     5 |     4 ||     9
       Blink             |       |       |       |       |       |       |       |     1 |     1 ||     2
       Statue Form       |       |       |       |       |       |       |       |     2 |    10 ||    12
       Passwall          |       |       |       |       |       |       |       |       |     1 ||     1
Invok: Curse Item        |       |       |     2 |     2 |     3 |       |     2 |     2 |       ||    11
Evoke: Wand              |     2 |       |       |    14 |     3 |       |     3 |       |       ||    22
  Use: Potion            |       |     3 |     1 |     3 |     2 |     1 |     4 |     1 |     1 ||    16
       Scroll            |       |       |    13 |    12 |     9 |     1 |     9 |     5 |     3 ||    52
 Stab: Sleeping          |     4 |     1 |       |     1 |     7 |    17 |    10 |    12 |     1 ||    53
       Paralysed         |       |       |       |     3 |       |       |       |       |       ||     3
       Petrifying        |       |       |       |     4 |    14 |     3 |       |       |       ||    21
       Distracted        |       |       |       |     3 |    20 |     7 |     6 |     6 |     2 ||    44
       Petrified         |       |       |       |       |    83 |    11 |       |       |       ||    94
       Invisible         |       |       |       |       |       |       |       |    54 |    30 ||    84
  Eat: Chunk             |     3 |     7 |    15 |    26 |    27 |    11 |     5 |    18 |     4 ||   116
       Ration            |       |       |     1 |     6 |    15 |    15 |     9 |     5 |     6 ||    57
Armor: Robe              |    36 |     1 |       |       |       |       |       |       |       ||    37
       Chain mail        |       |    36 |       |       |   243 |    43 |   176 |   216 |   104 ||   818
       Plate armour      |       |    74 |   379 |   219 |       |       |       |       |       ||   672
       Skin              |       |       |       |    27 |       |       |       |    27 |    90 ||   144
       Ice dragon scales |       |       |       |    65 |       |       |       |       |       ||    65
       Scale mail        |       |       |       |    99 |    88 |   273 |    44 |       |       ||   504
Dodge: Dodged            |    70 |    75 |   257 |   441 |   524 |   823 |   427 |   458 |   308 ||  3383
       Deflected         |       |       |       |       |       |       |       |    21 |     2 ||    23
Block: Buckler           |       |       |       |   354 |   147 |       |       |       |       ||   501
       Large shield      |       |       |       |    81 |       |       |       |       |       ||    81
       Shield            |       |       |       |       |   702 |  1168 |   779 |   776 |   464 ||  3889
       Rpst.: Scimitar   |       |       |       |       |       |    17 |     2 |       |       ||    19
